 Dungeon Crawl Stone Soup version 0.21.1-1-g345015f (webtiles) character file.

64 inc the Ducker (level 3, -7/16 HPs)
             Began as a Felid Ice Elementalist on Mar 7, 2018.
             Killed from afar by appiemonkey's ghost (10 damage)
             ... with a magic dart
             ... on level 3 of the Dungeon.
             The game lasted 00:03:22 (1865 turns).

inc the Ducker (Felid Ice Elementalist)             Turns: 1865, Time: 00:03:23

Health: -7/16      AC:  1    Str:  4    XL:     3   Next: 91%
Magic:  4/7        EV: 19    Int: 17    God:
Gold:   113        SH:  0    Dex: 16    Spells: 5/6 levels left
                                        Lives:  0   Deaths: 0

rFire    . . .     SeeInvis +     - Unarmed
rCold    . . .     Gourm    .   (shield unavailable)
rNeg     . . .     Faith    .   (armour unavailable)
rPois    .         Spirit   .   (helmet unavailable)
rElec    .         Reflect  .   (cloak unavailable)
rCorr    .         Harm     .   (gloves unavailable)
MR       .....                  (boots unavailable)
Stlth    +++.......             (no amulet)
HPRegen  0.05/turn              (no ring)
MPRegen  0.10/turn              (no ring)

@: lethally poisoned (-7 -> -14), quick
A: very small, no armour, no weapons or thrown items, stealth, claws 1, fangs 3,
see invisible, carnivore, speed 1, shaggy fur 1, slow metabolism 1, sharp paws
a: no special abilities


You were on level 3 of the Dungeon.
You were not hungry.

You visited 1 branch of the dungeon, and saw 3 of its levels.

You collected 113 gold pieces.

Inventory:

Scrolls
 c - a scroll of magic mapping {unknown}
 d - 4 scrolls of identify {unknown}
 e - 2 scrolls of teleportation {unknown}
 f - a scroll of enchant weapon {unknown}
 g - a scroll of fear {unknown}
 h - a scroll of immolation {unknown}
 l - a scroll of remove curse {unknown}
 m - a scroll of enchant armour {unknown}
Potions
 i - a potion of agility {unknown}
 j - a potion of heal wounds {unknown}
 k - a potion of brilliance {unknown}
Books
 a - a book of Frost

   Spells                             Type                      Level
   a - Freeze                         Ice                          1
   b - Throw Frost                    Conjuration/Ice              2
   c - Ozocubu's Armour               Charms/Ice                   3
   d - Throw Icicle                   Conjuration/Ice              4
   e - Summon Ice Beast               Ice/Summoning                4
Comestibles
 b - 3 rations


   Skills:
 - Level 2.1 Fighting
 - Level 3.8 Dodging
 - Level 2.6 Stealth
 + Level 1.8 Unarmed Combat
 - Level 2.0 Spellcasting
   Level 0.8 Conjurations
 - Level 2.6 Ice Magic


You had 5 spell levels left.
You knew the following spells:

 Your Spells              Type           Power        Failure   Level  Hunger
a - Freeze                Ice            ##..         6%          1    #......


Dungeon Overview and Level Annotations

Branches:
Dungeon (3/15)

Altars:
Makhleb
Xom

Annotations:
D:2 Jessica
D:3 appiemonkey's ghost, amateur OpCj


Innate Abilities, Weirdness & Mutations

You cannot wear armour.
You are incapable of wielding weapons or throwing items.
Your paws allow you to move quietly. (Stealth)
You have sharp claws.
You have razor-sharp teeth.
You have supernaturally acute eyesight. (SInv)
You are carnivorous and can eat meat at any time.
You cover ground quickly.
You are covered in fur. (AC +1)
You have a slow metabolism.
Your sharp claws are effective at attacking unaware monsters.


Message History

You freeze the adder.
The adder is almost dead.
You feel sick. The adder barely misses you.
Appiemonkey's ghost stares at you and mumbles some strange words.
The magic dart hits you!
* * * LOW HITPOINT WARNING * * *
Casting: Freeze
Confirm with . or Enter, or press ? or * to list all spells.
Aiming: Freeze
Press: ? - help, Shift-Dir - straight line, f/p - adder
Aim: an adder (almost dead, slow)
You freeze the adder.
You kill the adder!
Appiemonkey's ghost barely misses you.
* * * LOW HITPOINT WARNING * * *
You feel sick.
Appiemonkey's ghost casts a spell at you.
The magic dart hits you!
Ouch! That really hurt!
You die...

..>. #.#.# #......... ....
#.#.###......... ...
#...#........... .
#.####.....#......... ..
#........##..........
...#####..###........<....
.............<###########.
..#..........# #.
.....#W..@..### #. ###.
#......# #.
.......†.......# ####.
##..........##... ...#.
#.###......# ## #... #.
#........ #.. . ..........
##. ......#..... #.
........#.?.. ###.


You could see appiemonkey's ghost.

Vanquished Creatures
  2 adders
  An ooze (D:2)
  2 dart slugs (D:3)
  A leopard gecko (D:1)
  6 bats (D:1)
  2 giant cockroaches
  5 goblins
  3 hobgoblins
  6 kobolds
  A quokka (D:2)
  A ball python (D:2)
  5 frilled lizards
  2 rats
37 creatures vanquished.

Notes
Turn   | Place    | Note
-------+----------+-------------------------------------------
     0 | D:1      | inc the Felid Ice Elementalist began the quest for the Orb.
     0 | D:1      | Reached XP level 1. HP: 7/7 MP: 4/4
   141 | D:1      | Reached skill level 3 in Dodging
   207 | D:1      | Reached XP level 2. HP: 10/11 MP: 1/6
   458 | D:1      | Reached skill level 1 in Fighting
  1003 | D:2      | Noticed Jessica
  1032 | D:2      | Reached XP level 3. HP: 12/16 MP: 1/7
  1522 | D:2      | Found a shimmering altar of Xom.
  1522 | D:2      | Found a burning altar of Makhleb.
  1525 | D:2      | Reached skill level 1 in Unarmed Combat
  1856 | D:3      | Noticed appiemonkey's ghost (amateur OpCj)
  1865 | D:3      | Killed from afar by appiemonkey's ghost

Skill      XL: |  1  2  3 |
---------------+----------+-----
Dodging        | 3 |  3.8
Fighting       | 1 2 |  2.1
Unarmed Combat | 1 |  1.8
Stealth        | |  2.6
Spellcasting   | |  2.0
Conjurations   | |  0.8
Ice Magic      | |  2.6

Action                   || total
-------------------------++-------
Melee: Unarmed           ||    37
       Bite              ||     1
 Cast: Freeze            ||    41
 Stab: Sleeping          ||    10
  Eat: Chunk             ||     1
Armor: Skin              ||     5
Dodge: Dodged            ||    82
